 Dungeon Crawl Stone Soup version 0.32-a0-7-ge934b4519a (webtiles) character file.

Game seed: 10180193555049209078

79 voltaire321 the Digger (level 4, 0/25 HPs)
             Began as a Deep Elf Earth Elementalist on Jan 14, 2024.
             Slain by an orc wizard
             ... wielding a +0 dagger
              (3 damage)
             ... on level 3 of the Dungeon.
             The game lasted 00:03:59 (1865 turns).

voltaire321 the Digger (DEEE)                       Turns: 1865, Time: 00:04:00

Health: 0/25       AC:  4    Str: 13    XL:     4   Next: 16%
Magic:  8/11       EV: 13    Int: 20    God:
Gold:   122        SH:  0    Dex: 15    Spells: 3/10 levels left

rFire   . . .        e - +0 short sword
rCold   . . .        (no shield)
rNeg    . . .        a - +0 robe
rPois   .            m - +0 helmet
rElec   .            (no cloak)
rCorr   .            n - +0 pair of gloves
SInv    .            (no boots)
Will    .....        (no amulet)
Stlth   +            c - +4 ring of slaying
HPRegen 0.24/turn    g - +6 ring of strength
MPRegen 0.12/turn

%: no passive effects
@: confused
A: no striking features
a: no special abilities


You were on level 3 of the Dungeon.
You visited 1 branch of the dungeon, and saw 3 of its levels.

You collected 122 gold pieces.

Inventory:

Hand Weapons
 e - a +0 short sword (weapon)
Armour
 a - a +0 robe (worn)
 m - a +0 helmet (worn)
 n - a +0 pair of gloves (worn)
Jewellery
 c - a +4 ring of slaying (left hand)
 g - a +6 ring of strength (right hand)
Scrolls
 f - 6 scrolls of identify
 h - a scroll of fear {unknown}
 i - a scroll of butterflies {unknown}
 j - a scroll of immolation
 k - a scroll of fog {unknown}
 l - a scroll of amnesia {unknown}
Potions
 b - a potion of magic
 d - 3 potions of heal wounds


   Skills:
 + Level 1.0 Fighting
 + Level 3.0 Dodging
 + Level 3.3 Stealth
 + Level 3.6 Spellcasting
 + Level 1.9 Conjurations
 + Level 3.7 Earth Magic


You had 3 spell levels left.
You knew the following spells:

 Your Spells              Type           Power      Damage    Failure   Level
a - Sandblast             Erth           36%        2d10      2%          1
b - Passwall              Erth           18%        N/A       9%          3
c - Stone Arrow           Conj/Erth      30%        3d8       12%         3

Your spell library contained the following spells:

 Spells                   Type           Power      Damage    Failure   Level
 Brom's Barrelling Bould  Conj/Erth      15%        2d4       38%         4
 Petrify                  Alch/Erth      11%        N/A       52%         4


Dungeon Overview and Level Annotations

Branches:
Dungeon (3/15)

Altars:
Cheibriados


Message History

You hit something but do no damage. Something hits you but does no damage.
You hit something.
Aiming: Sandblast (safe; 2% risk of failure)
Press: ? - help, Q - select action Shift-Dir - straight line, f - orc
Aim: an orc, wielding a +0 whip (82% to hit)
The blast of sand hits the orc!
You kill the orc!
Aiming: Sandblast (safe; 2% risk of failure)
Press: ? - help, Q - select action Shift-Dir - straight line, f - orc
Aim: an orc, wielding a +0 morningstar and wearing a +0 leather armour (82% to hit)
The blast of sand hits something but does no damage.
Something hits you but does no damage. Something hits you.
Aiming: Sandblast (safe; 2% risk of failure)
Press: ? - help, Q - select action Shift-Dir - straight line, f/p - orc
Aim: an orc, wielding a +0 morningstar and wearing a +0 leather armour (82% to hit)
The blast of sand hits something!
Something hits you.
Aiming: Sandblast (safe; 2% risk of failure)
Press: ? - help, Q - select action Shift-Dir - straight line, f/p - orc
Aim: an orc, wielding a +0 morningstar and wearing a +0 leather armour (82% to hit)
The blast of sand hits the orc!
You kill the orc!
You hear some strange, mumbled words.
A magic dart appears from out of thin air!
The magic dart hits you!
* * * LOW HITPOINT WARNING * * *
Something hits you.
* * * LOW HITPOINT WARNING * * *
You hit something.
You hear some strange, mumbled words.
A puff of flame appears from out of thin air!
The puff of flame misses you.
You closely miss something. Something hits you but does no damage.
You miss something.
You hear some strange, mumbled words.
You are confused.
You completely miss something. Something hits you.
* * * LOW HITPOINT WARNING * * *
You bump into the rock wall.
Something hits you.
You die...

.......
.....
.....
.$. ...
#)# #{#
#@#
####.#
#....#
#.##.#
#.##..#
#.##..#
#.##...
#.##.##.
#.##.#
.. #


There were no monsters in sight!

Vanquished Creatures
  3 adders (D:2)
  3 dart slugs
  4 orcs (D:3)
  4 ball pythons
  2 bats (D:1)
  5 endoplasms
  3 giant cockroaches
  3 goblins
  4 hobgoblins
  2 jackals (D:2)
  2 frilled lizards
  3 rats
38 creatures vanquished.

Notes
Turn   | Place    | Note
-------+----------+-------------------------------------------
     0 | D:1      | voltaire321 the Deep Elf Earth Elementalist began the quest
                  | for the Orb.
     0 | D:1      | Reached XP level 1. HP: 10/10 MP: 6/6
   124 | D:1      | Reached XP level 2. HP: 15/15 MP: 4/8
   738 | D:2      | Reached XP level 3. HP: 20/20 MP: 5/9
   879 | D:2      | Found a snail-covered altar of Cheibriados.
  1087 | D:2      | Found a faded altar of an unknown god.
  1654 | D:3      | Reached skill level 1 in Fighting
  1655 | D:3      | Noticed an ogre
  1668 | D:3      | Learned a level 3 spell: Passwall
  1672 | D:3      | Learned a level 3 spell: Stone Arrow
  1700 | D:3      | Reached XP level 4. HP: 25/25 MP: 9/11
  1865 | D:3      | Slain by an orc wizard

Illustrated notes

Levels and vault maps discovered:
D:1:      sevenhm_arrival_forest_fort_small_1, layout_basic,
          hangedman_abyss_or_decor_lesser_grid
D:2:      layout_basic, hellmonk_ecumenical_altar_blasted, basic_altar
D:3:      layout_rooms

Skill      XL: |  1  2  3 |
---------------+----------+-----
Stealth        | 3 |  3.3
Dodging        | 3 |  3.0
Fighting       | 1 |  1.0
Spellcasting   | |  3.6
Conjurations   | |  1.9
Earth Magic    | |  3.7

Action                     |  1- 3 |  4- 6 || total
---------------------------+-------+-------++-------
  Melee: Short sword       |     5 |     7 ||    12
   Cast: Sandblast         |    38 |     8 ||    46
    Use: Scroll            |       |     1 ||     1
   Stab: Sleeping          |     1 |       ||     1
 Armour: Robe              |     4 |    11 ||    15
  Dodge: Dodged            |     3 |     2 ||     5

Table legend: (Time is in decaauts)
 A = Elapsed time spent in this place.
 B = Non-inter-level travel time spent in this place.
 C = Inter-level travel time spent in this place.
 D = Time resting spent in this place.
 E = Time spent auto-exploring this place.
 F = Levels seen in this place.
 G = Mean time per level.
                   A        B        C        D        E       F      G
               +--------+--------+--------+--------+--------+-----+--------+
         Total |   1889 |   1879 |     10 |     92 |   1357 |   3 |  629.7 |
       Dungeon |   1889 |   1879 |     10 |     92 |   1357 |   3 |  629.7 |
               +--------+--------+--------+--------+--------+-----+--------+

Top non-repeatable levels by time:
     D:2: 1005 daAuts
     D:1: 633 daAuts
     D:3: 249 daAuts
